 Dungeon Crawl Stone Soup version 0.30-a0-634-g8abc85282e (webtiles) character file.

Game seed: 6225590480788127575

6 drugrobin the Sneak (level 1, 0/18 HPs)
             Began as a Demigod Delver on Jan 14, 2023.
             Slain by an orc
             ... wielding a +0 dagger
              (3 damage)
             ... on level 5 of the Dungeon on Jan 15, 2023.
             The game lasted 00:03:11 (377 turns).

drugrobin the Sneak (Demigod Delver)                 Turns: 377, Time: 00:03:11

Health: 0/18       AC:  3    Str: 13    XL:     1   Next: 60%
Magic:  3/3        EV: 11    Int: 12    God:
Gold:   6          SH:  0    Dex: 15    Spells: 0/0 levels left

rFire   . . .      SeeInvis .      - Unarmed
rCold   . . .      Faith    .    (no shield)
rNeg    . . .      Spirit   .    a - +0 leather armour
rPois   .          Reflect  .    (no helmet)
rElec   .          Harm     .    (no cloak)
rCorr   .          Rampage  .    (no gloves)
Will    .....                    (no boots)
Stlth   +++                      (no amulet)
HPRegen 0.23/turn                (no ring)
MPRegen 0.08/turn                (no ring)

@: no status effects
A: high MP 1, forlorn, divine attributes
a: no special abilities


You were on level 5 of the Dungeon.
You visited 1 branch of the dungeon, and saw 2 of its levels.

You collected 6 gold pieces.

Inventory:

Armour
 a - a +0 leather armour (worn)
 h - a +0 ring mail
 i - a +0 scale mail
Wands
 f - a wand of digging (3)
Scrolls
 b - a scroll of fog
 c - a scroll of magic mapping
 g - a scroll of identify {unknown}
 k - a scroll of teleportation {unknown}
 m - a scroll of immolation {unknown}
Potions
 e - a potion of haste
 l - 2 potions of invisibility {unknown}


   Skills:
 - Level 2.6 Fighting
 - Level 1.7 Dodging
 - Level 4.5 Stealth
 + Level 2.3 Unarmed Combat


You couldn't memorise any spells.
You didn't know any spells.
Your spell library contained the following spells:

 Spells                   Type           Power      Damage    Failure   Level
 Tukima's Dance           Hex            0%         N/A       77%         3
 Passage of Golubria      Tloc           0%         N/A       99%         4
 Yara's Violent Unravell  Hex/Tmut       0%         3d3       100%        5


Dungeon Overview and Level Annotations

Branches:
Dungeon (5/15)
 Temple: D:4-7

Annotations:
D:4 Robin
D:5 Dowan


Innate Abilities, Weirdness & Mutations

You have an increased reservoir of magic. (+10% MP)
You shall have no god before yourself.
Your divine heritage dramatically boosts your attributes as you level up.


Message History

Unknown command.
Unknown command.
You barely miss the worm. The worm bites you.
An orc comes into view.
It is wielding a +1 dagger of protection.
A goblin comes into view. It is wielding a +0 club.
The worm bites you!
Ouch! That really hurt!
* * * LOW HITPOINT WARNING * * *
Found a stone staircase leading down.
Unknown command.
Unknown command.
As you read the scroll of fear, it crumbles to dust.
You assume a fearsome visage.
The hobgoblin looks frightened!
The worm looks frightened!
The orc looks frightened! x2
The orc priest looks frightened!
Found 6 silver boomerangs.
Unknown command.
Unknown command.
Found a scroll labelled NENO GOKHLOSODE.
Cornered, the orc turns to fight!
A scorpion comes into view.
There is a stone staircase leading down here.
Unknown command.
Unknown command.
The orc hits you with a +0 dagger.
* * * LOW HITPOINT WARNING * * *
You climb downwards.
Level annotation: Dowan
Found 2 throwing nets and 6 gold pieces.
There is a stone staircase leading up here.
Unknown command.
The orc attacks as you move away! The orc closely misses you.
You barely miss the orc. The orc hits you with a +0 dagger.
* * * LOW HITPOINT WARNING * * *
You barely miss the orc. The orc hits you with a +0 dagger.
* * * LOW HITPOINT WARNING * * *
You hit the orc.
The orc is severely wounded.
The orc hits you with a +0 dagger.
You die...

#.# #..... #.# .#.
#..... #.# ... ##....
#.### #.... #.... ....
..... #....
#.#####.######....####..
#.....<.(.............<.
#.#####o#....l..........
#@# ####.......#.
#$..............'.
############....##
.........# ####+######
#........ #........
#........ #........


You could see an orc.

Vanquished Creatures
  A dart slug (D:4)
  An orc (D:4)
  An endoplasm (D:4)
3 creatures vanquished.

Notes
Turn   | Place    | Note
-------+----------+-------------------------------------------
     0 | D:5      | drugrobin the Demigod Delver began the quest for the Orb.
     0 | D:5      | Reached XP level 1. HP: 18/18 MP: 3/3
   138 | D:5      | Noticed Dowan
   156 | D:4      | Noticed a phantom
   160 | D:5      | Noticed an iguana
   331 | D:4      | Noticed an orc priest
   349 | D:4      | Noticed Robin
   352 | D:4      | Noticed an iguana
   368 | D:4      | Noticed a scorpion
   377 | D:5      | Slain by an orc

Illustrated notes

Levels and vault maps discovered:
D:4:      layout_rooms, minmay_temple_entry_large_hall, uniq_robin
D:5:      layout_basic, lemuel_tele_altar, uniq_duvessa

Skill      XL: |  1 |
---------------+----+-----
Unarmed Combat | 2 |  2.3
Fighting       | |  2.6
Dodging        | |  1.7
Stealth        | |  4.5

Action                   || total
-------------------------++-------
Melee: Unarmed           ||    13
Throw: Dart              ||     4
  Use: Scroll            ||     1
Armor: Leather armour    ||     1
Dodge: Dodged            ||     8

Table legend: (Time is in decaauts)
 A = Elapsed time spent in this place.
 B = Non-inter-level travel time spent in this place.
 C = Inter-level travel time spent in this place.
 D = Time resting spent in this place.
 E = Time spent auto-exploring this place.
 F = Levels seen in this place.
 G = Mean time per level.
                   A        B        C        D        E       F      G
               +--------+--------+--------+--------+--------+-----+--------+
         Total |    376 |    356 |     20 |      0 |      0 |   2 |  188.0 |
       Dungeon |    376 |    356 |     20 |      0 |      0 |   2 |  188.0 |
               +--------+--------+--------+--------+--------+-----+--------+

Top non-repeatable levels by time:
     D:5: 298 daAuts
     D:4: 78 daAuts
